AoeStats
← 小飞机

QS Arena

503560053Analyzed
4v4 RM · 29d ago on Sep 1, 2026· 70m 52s· 8 players
Game mode
Random Map
Map size
Large (8 player)
Population
200
Speed
Normal
Resources
Standard
Victory
Conquest
Starting age
Dark Age
Ending age
Imperial Age
RankedLock teamsTeams togetherTeam positionsShared explorationLock speedFull tech treeHidden civsTurbo modeCheats
Victory
Defeat
🇭🇰 Shu · Hong Kong SAR China
911
+8
🇳🇿 Turks · New Zealand
803
+13
🇮🇳 Inca · India
796
+13
🇺🇸 Lithuanians · United States
679
+18
🇨🇳 Huns · China
769
-40
🇨🇳 Mongols · China
756
-14
🇨🇳 Huns · China
710
-12
685
-11
2012561215
9:04 Feudal Age
14:20 Castle Age
12:54 Horse Collar
13:00 Double-Bit Axe
23:55 Gold Mining
25:21 Bloodlines
25:54 Bow Saw
28:27 Imperial Age
26:49 Wheelbarrow
26:25 Husbandry
26:46 Forging
26:51 Caravan
27:27 Heavy Plow
27:37 Scale Barding Armor
28:11 Hand Cart
28:37 Iron Casting
28:44 Gold Shaft Mining
28:46 Stone Mining
29:18 Chain Barding Armor
30:10 Two-Man Saw
28:46 Cavalier
31:19 Blast Furnace
31:56 Plate Barding Armor
31:15 Loom
32:50 Conscription
32:06 Paladin
小飞机
27:31 Feudal Age
30:37 Wheelbarrow
38:45 Castle Age
45:46 Imperial Age
43:57 Hand Cart
47:42 Scale Barding Armor
47:42 Padded Archer Armor
47:43 Scale Mail Armor
47:53 Forging
47:34 Fletching
47:15 Cavalier
51:38 Husbandry
51:51 Bloodlines
52:47 Horse Collar
54:13 Heavy Plow
56:31 Paladin
小菜机
7:03 Feudal Age
13:17 Castle Age
11:15 Double-Bit Axe
23:50 Bow Saw
29:28 Imperial Age
27:06 Gold Mining
27:54 Fletching
28:05 Padded Archer Armor
29:37 Leather Archer Armor
30:02 Bodkin Arrow
31:03 Wheelbarrow
32:28 Elite Mangudai
33:32 Bracer
40:18 Scale Barding Armor
40:23 Forging
42:48 Chain Barding Armor
43:03 Iron Casting
43:18 Bloodlines
42:51 Light Cavalry
43:55 Hussar
45:46 Blast Furnace
不穿内裤真龙不被束缚
0:32 Loom
9:42 Feudal Age
10:59 Horse Collar
14:04 Castle Age
12:19 Double-Bit Axe
13:40 Stone Mining
14:46 Bow Saw
14:41 Heavy Plow
24:28 Gold Mining
24:46 Scale Barding Armor
24:46 Padded Archer Armor
24:57 Forging
24:49 Scale Mail Armor
30:41 Imperial Age
30:48 Arson
31:04 Squires
30:49 Gambesons
30:27 Man-at-Arms
31:53 Iron Casting
31:33 Chain Mail Armor
31:24 Scale Barding Armor
33:15 Long Swordsman
34:59 Blast Furnace
34:29 Plate Mail Armor
35:18 Ballistics
36:26 Gold Shaft Mining
36:28 Stone Shaft Mining
35:23 Elite War Elephant
37:00 Chain Barding Armor
36:30 Pikeman
ccpui1203
8:41 Feudal Age
12:51 Castle Age
11:05 Double-Bit Axe
11:33 Loom
11:51 Horse Collar
13:02 Wheelbarrow
13:43 Bow Saw
16:00 Heavy Plow
15:56 Stone Mining
23:49 Hand Cart
26:47 Imperial Age
25:07 Gold Mining
25:05 Crossbowman
25:52 Thumb Ring
26:22 Coiled Serpent Array
26:11 Town Watch
27:41 Gold Shaft Mining
27:36 Ballistics
27:29 Heated Shot
27:27 Arrowslits
28:11 Fletching
28:22 Padded Archer Armor
29:39 Chemistry
29:47 Two-Man Saw
30:13 Bodkin Arrow
30:34 Leather Archer Armor
30:31 Forging
30:21 Scale Mail Armor
30:51 Bolt Magazine
31:13 Conscription
31:29 Hoardings
30:18 Arbalester
32:08 Bracer
32:38 Ring Archer Armor
32:25 Chain Mail Armor
34:58 Guard Tower
35:17 Elite White Feather Guard
60:03 Guilds
60:23 Coinage
59:54 Caravan
63:46 Masonry
63:42 Siege Engineers
63:32 Murder Holes
63:47 Fortified Wall
63:48 Careening
63:48 Clinker Construction
63:58 Shipwright
64:11 Plate Mail Armor
63:47 Scale Barding Armor
64:18 Banking
thongvipusa1
1:09 Loom
10:30 Feudal Age
10:58 Double-Bit Axe
10:56 Horse Collar
16:05 Gold Mining
16:08 Stone Mining
17:16 Wheelbarrow
20:46 Castle Age
23:27 Stone Shaft Mining
23:54 Bow Saw
23:46 Heavy Plow
29:04 Hand Cart
33:23 Imperial Age
31:42 Scale Mail Armor
34:55 Crop Rotation
36:38 Chain Mail Armor
36:33 Forging
36:29 Scale Barding Armor
39:03 Chemistry
38:23 Ballistics
37:53 Heated Shot
37:59 Murder Holes
37:44 Treadmill Crane
38:15 Masonry
38:03 Elite Leitis
39:18 Hoardings
39:41 Caravan
40:11 Coinage
41:12 Two-Man Saw
41:38 Iron Casting
43:37 Chain Barding Armor
43:32 Fortified Wall
43:52 Architecture
55:15 Bombard Tower
54:45 Guard Tower
55:06 Careening
55:07 Clinker Construction
60:21 Hill Forts
60:21 Tower Shields
60:41 Conscription
68:20 Spies/Treason
helllothere
0:28 Loom
13:31 Feudal Age
14:02 Horse Collar
20:00 Castle Age
18:47 Gold Mining
18:48 Double-Bit Axe
18:57 Stone Mining
18:42 Man-at-Arms
19:08 Arson
20:52 Heavy Plow
21:32 Gold Shaft Mining
21:29 Bow Saw
21:11 Long Swordsman
21:51 Squires
24:23 Murder Holes
24:14 Treadmill Crane
28:52 Wheelbarrow
32:02 Imperial Age
33:31 Bombard Tower
33:22 Fortified Wall
33:44 Conscription
35:55 Hand Cart
36:23 Elite Janissary
37:41 Hoardings
38:31 Artillery
47:21 Two-Man Saw
69:23 Spies/Treason
71:25 Sipahi
70:29 Heavy Scorpion
70:34 Capped Ram
70:38 Two-Handed Swordsman
71:33 Redemption
71:23 Atonement
71:35 Fervor
71:26 Devotion
71:46 Sanctity
71:47 Heresy
72:03 Theocracy
71:42 Masonry
AOE2
0:28 Loom
10:52 Feudal Age
12:16 Wheelbarrow
17:43 Castle Age
17:40 Horse Collar
17:48 Double-Bit Axe
17:57 Gold Mining
18:06 Stone Mining
21:38 Fortified Wall
22:08 Bow Saw
23:27 Treadmill Crane
24:06 Heavy Plow
32:42 Imperial Age
30:29 Hand Cart
30:04 Town Watch
29:49 Pikeman
30:29 Squires
30:17 Arson
30:46 Masonry
30:31 Murder Holes
31:00 Forging
30:50 Scale Mail Armor
30:40 Fletching
30:50 Padded Archer Armor
30:29 Elite Skirmisher
31:18 Thumb Ring
31:50 Town Patrol
32:28 Gold Shaft Mining
32:31 Stone Shaft Mining
32:27 Ballistics
32:59 Iron Casting
32:40 Chain Mail Armor
32:49 Chain Mail Armor
34:01 Conscription
34:17 Hoardings
34:13 Bodkin Arrow
34:34 Leather Archer Armor
35:25 Andean Sling
36:34 Blast Furnace
37:00 Plate Mail Armor
36:31 Bracer
38:12 Ring Archer Armor
38:54 Chemistry
37:59 Siege Engineers
39:48 Fabric Shields
40:35 Halberdier
44:06 Elite Kamayuk
55:28 Crop Rotation
64:25 Caravan
Connection lost

Rejoining the realm…

Still unreachable

The connection could not be restored.

Session expired

The server has moved on; the page needs a fresh start.